 Dungeon Crawl Stone Soup version 0.27.1-33-g824d729ab1 (webtiles) character file.

Game seed: 14945555787268354594

79 MisterFreud the Chopper (level 4, -6/39 HPs)
             Began as a Hill Orc Abyssal Knight on Dec 9, 2021.
             Was a Believer of Lugonu.
             Mangled by a gnoll shaman (15 damage)
             ... on level 2 of the Dungeon.
             The game lasted 00:02:03 (2566 turns).

MisterFreud the Chopper (Hill Orc Abyssal Knight)   Turns: 2566, Time: 00:02:04

Health: -6/39      AC:  3    Str: 15    XL:     4   Next: 38%
Magic:  5/5        EV: 11    Int: 12    God:    Lugonu [**....]
Gold:   59         SH:  0    Dex: 10    Spells: 3/3 levels left

rFire    . . .     SeeInvis .   a - +1 hand axe
rCold    . . .     Faith    .   (no shield)
rNeg     . . .     Spirit   .   b - +0 leather armour
rPois    .         Reflect  .   (no helmet)
rElec    .         Harm     .   (no cloak)
rCorr    .         Rampage  .   (no gloves)
Will     .....                  (no boots)
Stlth    +.........             (no amulet)
HPRegen  0.13/turn              (no ring)
MPRegen  0.09/turn              (no ring)

@: hasted, very quick
A: no striking features
a: Renounce Religion, Depart the Abyss, Bend Space


You were on level 2 of the Dungeon.
You worshipped Lugonu.
Lugonu was pleased with you.
You visited 1 branch of the dungeon, and saw 2 of its levels.
You visited the Abyss 1 time.

You collected 59 gold pieces.

Inventory:

Hand Weapons
 a - a +1 hand axe (weapon)
Armour
 b - a +0 leather armour (worn)
Scrolls
 c - a scroll of teleportation {unknown}
 e - a scroll of immolation {unknown}
 g - a scroll of magic mapping {unknown}
 h - a scroll of identify {unknown}
 j - a scroll of fog {unknown}
 k - a scroll of fear {unknown}
Potions
 d - a potion of haste
 f - a potion of cancellation {unknown}
 i - a potion of resistance {unknown}


   Skills:
 - Level 3.6 Fighting
 + Level 6.0 Axes
 - Level 2.1 Armour
 - Level 0.7 Dodging
 - Level 2.4 Invocations


You had 3 spell levels left.
You didn't know any spells.
Your spell library was empty.

Dungeon Overview and Level Annotations

Branches:
Dungeon (2/15)

Altars:


Message History

Lugonu accepts your kill.
Things that are here:
a +0 club; a gnoll corpse No target in view!
There is a fountain of clear blue water here.
A gnoll comes into view. It is wielding a +0 club.
The gnoll moves out of view. 2 gnolls come into view.
The gnoll shouts! x2
A gnoll comes into view. It is wielding a +0 spear.
The gnoll barely misses you.
A gnoll shaman comes into view. It is wielding a +0 flail.
There are monsters nearby!
You closely miss the gnoll.
The gnoll shaman shouts!
The gnoll shouts!
The gnoll hits you with a +0 club.
You hit the gnoll.
The gnoll is moderately wounded.
You hit the gnoll.
A hobgoblin comes into view.
The gnoll hits you with a +0 club. The gnoll barely misses you.
The hobgoblin shouts!
You hit the gnoll but do no damage.
The gnoll is moderately wounded.
You closely miss the gnoll. The gnoll hits you with a +0 club.
The gnoll hits you with a +0 flail.
You hit the gnoll.
The gnoll is heavily wounded.
The gnoll hits you with a +0 club.
You hit the gnoll.
You kill the gnoll!
Lugonu accepts your kill.
The gnoll shaman calls upon its god to heal something.
Your Axes skill increases to level 6!
You closely miss the hobgoblin. The hobgoblin hits you.
The gnoll shaman hits you with a +0 flail!
* * * LOW HITPOINT WARNING * * *
It was a potion of haste.
You feel yourself speed up.
The gnoll shaman hits you with a +0 flail!
You die...

##.#.###.##.## #
#.⌠.# #.⌠.##.##..#
#.###.#.####.##.#
#.#.#.#.###.#..#.#
g###)⌠.# #.8.#...#
#.#.#.###.#.#....#
##g#.#.#.####..#g#
#.⌠.###.⌠.##.#.#g#
##.#.#.#.##g##.#@#
..#..g..#g.###.#g#
#...###...## #g#g#
##### ##### #g#.#
#.#g# #.#.# #...#
#####


You could see a gnoll shaman, 3 gnolls and a hobgoblin.

Vanquished Creatures
  2 gnolls (D:2)
  An adder (D:2)
  A worm (D:2)
  2 dart slugs
  3 endoplasms
  A giant cockroach (D:1)
  5 goblins
  4 hobgoblins
  5 kobolds
  6 quokkas
  2 ball pythons (D:2)
  2 bats (D:2)
  6 frilled lizards
  4 rats
44 creatures vanquished.

Vanquished Creatures (others)
  3 plants (D:2)
3 creatures vanquished.

Grand Total: 47 creatures vanquished

Notes
Turn   | Place    | Note
-------+----------+-------------------------------------------
     0 | Abyss:1  | MisterFreud the Hill Orc Abyssal Knight began the quest for
                  | the Orb.
     0 | Abyss:1  | Reached XP level 1. HP: 19/19 MP: 2/2
    10 | D:1      | Escaped the Abyss
    84 | D:1      | Reached skill level 3 in Axes
   327 | D:1      | Reached XP level 2. HP: 20/26 MP: 3/3
   690 | D:1      | Reached skill level 4 in Axes
  1407 | D:1      | Reached XP level 3. HP: 29/31 MP: 4/4
  1814 | D:2      | Reached skill level 5 in Axes
  2165 | D:2      | Reached ** piety under Lugonu
  2455 | D:2      | Reached XP level 4. HP: 38/39 MP: 5/5
  2539 | D:2      | Reached skill level 6 in Axes
  2566 | D:2      | Mangled by a gnoll shaman

Illustrated notes

Levels and vault maps discovered:
D:1:      matt_arrival_diagonals, layout_loops_ring
D:2:      layout_basic, chequers_big_river, minmay_crystal_water,
          grunt_decor_mini_mirrors

Skill      XL: |  1  2  3  4 |
---------------+-------------+-----
Axes           | 3 4 5 6 |  6.0
Fighting       | |  3.6
Armour         | |  2.1
Dodging        | |  0.7
Invocations    | |  2.4

Action                   |  1- 3 |  4- 6 || total
-------------------------+-------+-------++-------
Melee: Hand axe          |   137 |    14 ||   151
  Use: Potion            |       |     1 ||     1
Armor: Leather armour    |    32 |     1 ||    33
Dodge: Dodged            |    75 |     5 ||    80
